 Dungeon Crawl Stone Soup version 0.23.2-40-g277498a001 (webtiles) character file.

Game seed: 12891495392410698814

91 Molter the Bolt Thrower (level 4, -5/26 HPs)
             Began as a Kobold Arcane Marksman on Aug 26, 2019.
             Slain by an iguana (9 damage)
             ... on level 2 of the Dungeon.
             The game lasted 00:24:44 (1834 turns).

Molter the Bolt Thrower (Kobold Arcane Marksman)    Turns: 1834, Time: 00:24:44

Health: -5/26      AC:  2    Str:  8    XL:     4   Next: 87%
Magic:  6/6        EV: 15    Int: 14    God:
Gold:   57         SH:  0    Dex: 15    Spells: 3/6 levels left

rFire    . . .     SeeInvis .   d - +0 dagger
rCold    . . .     Gourm    .   (shield restricted)
rNeg     . . .     Faith    .   e - +0 robe
rPois    .         Spirit   .   (no helmet)
rElec    .         Reflect  .   (no cloak)
rCorr    .         Harm     .   (no gloves)
MR       .....                  (no boots)
Stlth    ++........             (no amulet)
HPRegen  0.08/turn              (no ring)
MPRegen  0.10/turn              (no ring)

@: no status effects
A: small, carnivore
a: no special abilities


You were on level 2 of the Dungeon.
You were very full.

You visited 1 branch of the dungeon, and saw 2 of its levels.

You collected 57 gold pieces.

Inventory:

Hand Weapons
 a - a +0 hand crossbow
 d - a +0 dagger (weapon)
Armour
 e - a +0 robe (worn)
Jewellery
 i - an uncursed ring of protection from cold
Wands
 h - a wand of polymorph (2)
Scrolls
 j - a scroll of identify {unknown}
Potions
 b - a potion of curing {unknown}
Comestibles
 f - 3 rations


   Skills:
 + Level 1.7 Fighting
 + Level 4.0 Crossbows
 + Level 2.9 Dodging
 + Level 0.4 Stealth
 + Level 1.8 Spellcasting
 + Level 3.5 Hexes


You had 3 spell levels left.
You knew the following spells:

 Your Spells              Type           Power        Failure   Level  Hunger
a - Corona                Hex            ##.....      5%          1    ##.....
b - Slow                  Hex            ##......     9%          2    ###....

Your spell library contained the following spells:

 Spells                   Type           Power        Failure   Level  Hunger
 Inner Flame              Hex/Fire       #.......     34%         3    ####...
 Portal Projectile        Hex/Tloc       #.....       34%         3    ####...
 Cause Fear               Hex            ##........   50%         4    #####..
 Leda's Liquefaction      Hex/Erth       #.........   75%         4    #####..


Dungeon Overview and Level Annotations

Branches:
Dungeon (2/15)

Altars:
The Shining One


Innate Abilities, Weirdness & Mutations

You are small and have problems with some larger weapons.
You are carnivorous and can eat meat at any time.


Message History

Press: ? - help, Shift-Dir - straight line, f/p - iguana
Aim: an iguana You toss away a javelin.
The javelin hits the iguana but does no damage.
Tossing away (i - inventory)
c - a javelin (quivered)
Press: ? - help, Shift-Dir - straight line, f/p - iguana
Aim: an iguana You toss away a javelin.
The javelin hits the iguana but does no damage.
Wield which item (- for none, * to show all)? (? for menu, Esc to quit)
d - a +0 dagger (weapon)
You barely miss the iguana. The iguana bites you!
You barely miss the iguana. The iguana bites you!
* * * LOW HITPOINT WARNING * * *
You hit the iguana but do no damage. The iguana misses you.
You hit the iguana but do no damage. The iguana closely misses you.
You hit the iguana.
The iguana is lightly wounded.
The iguana bites you!
You die...

#....#.##.#.# #....≈.≈≈
##....#....#.# #....≈≈≈.
......#..###.#### #....≈≈≈≈
......#.........# #######...(≈≈≈≈
...####.#####.#.# #..........≈≈≈≈
...# #.......#.# #.......((.≈≈(≈
...####.#######.# #.........≈(≈≈≈
....#...#...# #.###........#≈≈≈≈≈
....#.#.#.#.###.@l'.(....l.#≈≈.≈≈
#.....#...#.#<#####...((...#.≈.≈≈
#.#.#.#...#.#.#####....(...#.≈≈≈≈
..#...#.#.#.#.#............#.≈≈≈.
####....#.#.#.#.###....)...#.≈≈≈≈
#.#..#.#...#. ##########.≈≈≈≈
#.#..#.#####. #.#..........
#.#.#########


You could see an iguana.

Vanquished Creatures
  A scorpion (D:2)
  2 oozes (D:1)
  2 dart slugs
  A leopard gecko (D:1)
  4 bats
  2 goblins
  5 hobgoblins
  2 frilled lizards (D:1)
  7 kobolds
  5 rats
31 creatures vanquished.

Notes
Turn   | Place    | Note
-------+----------+-------------------------------------------
     0 | D:1      | Molter the Kobold Arcane Marksman began the quest for the
                  | Orb.
     0 | D:1      | Reached XP level 1. HP: 12/12 MP: 2/2
   158 | D:1      | Reached XP level 2. HP: 16/16 MP: 4/4
   215 | D:1      | Found a glowing golden altar of the Shining One.
   260 | D:1      | Learned a level 2 spell: Slow
   408 | D:1      | Reached skill level 3 in Crossbows
   418 | D:1      | Reached XP level 3. HP: 17/20 MP: 5/5
  1278 | D:2      | Noticed a scorpion
  1283 | D:2      | Killed a scorpion
  1283 | D:2      | Reached XP level 4. HP: 26/26 MP: 2/6
  1423 | D:2      | Reached skill level 4 in Crossbows
  1834 | D:2      | Slain by an iguana

Skill      XL: |  1  2  3  4 |
---------------+-------------+-----
Crossbows      | 3 4 |  4.0
Fighting       | |  1.7
Dodging        | |  2.9
Stealth        | |  0.4
Spellcasting   | |  1.8
Hexes          | |  3.5

Action                   |  1- 3 |  4- 6 || total
-------------------------+-------+-------++-------
Melee: Hand crossbow     |    15 |       ||    15
       Dagger            |       |     5 ||     5
 Fire: Hand crossbow     |    54 |    31 ||    85
 Cast: Slow              |     3 |     5 ||     8
       Corona            |     3 |     2 ||     5
  Use: Scroll            |     1 |     1 ||     2
       Potion            |     1 |       ||     1
  Eat: Chunk             |     9 |     2 ||    11
Armor: Robe              |     6 |     4 ||    10
Dodge: Dodged            |    38 |    17 ||    55
